 Dungeon Crawl Stone Soup version 0.29-a0-490-g77b3608bb8 (webtiles) character file.

Game seed: 9868914744801293758

12 Hubjo the Firebug (level 2, -2/16 HPs)
             Began as a Deep Elf Fire Elementalist on May 26, 2022.
             Slain by a jackal (3 damage)
             ... on level 1 of the Dungeon.
             The game lasted 00:00:22 (383 turns).

Hubjo the Firebug (Deep Elf Fire Elementalist)       Turns: 383, Time: 00:00:22

Health: -2/16      AC:  2    Str:  5    XL:     2   Next: 20%
Magic:  0/8        EV: 12    Int: 19    God:
Gold:   17         SH:  0    Dex: 15    Spells: 6/7 levels left

rFire   . . .      SeeInvis .   (no weapon)
rCold   . . .      Faith    .   (no shield)
rNeg    . . .      Spirit   .   a - +0 robe
rPois   .          Reflect  .   (no helmet)
rElec   .          Harm     .   (no cloak)
rCorr   .          Rampage  .   (no gloves)
Will    .....                   (no boots)
Stlth   ++........              (no amulet)
HPRegen 0.05/turn               (no ring)
MPRegen 0.11/turn               (no ring)

@: very slightly contaminated
A: no striking features
a: no special abilities


You were on level 1 of the Dungeon.
You visited 1 branch of the dungeon, and saw 1 of its levels.

You collected 17 gold pieces.

Inventory:

Armour
 a - a +0 robe (worn)
Scrolls
 d - a scroll of enchant weapon {unknown}
Potions
 b - a potion of magic
 c - a potion of heal wounds {unknown}


   Skills:
 * Level 0.8 Fighting
 - Level 2.4 Dodging
 + Level 2.7 Stealth
 + Level 3.2 Spellcasting
 - Level 1.1 Conjurations
 + Level 3.4 Fire Magic


You had 6 spell levels left.
You knew the following spells:

 Your Spells              Type           Power      Damage    Failure   Level
a - Foxfire               Conj/Fire      44%        2x1d6     6%          1

Your spell library contained the following spells:

 Spells                   Type           Power      Damage    Failure   Level
 Scorch                   Fire           32%        2d6       5%          2
 Conjure Flame            Conj/Fire      11%        6-21      17%         3
 Sublimation of Blood     Necr           3%         N/A       22%         2
 Inner Flame              Hex/Fire       9%         N/A       22%         3
 Flame Wave               Conj/Fire      11%        2d5       50%         4
 Petrify                  Tmut/Erth      3%         N/A       83%         4
 Irradiate                Conj/Tmut      2%         3d14      97%         5


Dungeon Overview and Level Annotations

Branches:
Dungeon (1/15)

Altars:


Message History

The jackal is almost dead.
The foxfire hits the jackal.
You kill the jackal!
The jackal barely misses you.
You conjure some foxfire!
The jackal bites you. The jackal barely misses you. The jackal bites you.
The foxfire hits the jackal.
You kill the jackal!
Casting: Foxfire (safe; 6% risk of failure)
Confirm with . or Enter, or press ? or * to list all spells.
You miscast Foxfire.
You are very lightly contaminated with residual magic.
Nothing appears to happen.
The foxfire hits the jackal but does no damage.
The foxfire hits the jackal.
The jackal is severely wounded.
The jackal bites you.
The giant cockroach bites you but does no damage.
Casting: Foxfire (safe; 6% risk of failure)
Confirm with . or Enter, or press ? or * to list all spells.
You conjure some foxfire!
The jackal bites you. The giant cockroach bites you.
* * * LOW HITPOINT WARNING * * *
The jackal bites you.
* * * LOW HITPOINT WARNING * * *
Unknown command.
Unknown command.
Casting: Foxfire (safe; 6% risk of failure)
Confirm with . or Enter, or press ? or * to list all spells.
You don't know that spell.
Your foxfire dissipates!
The giant cockroach attacks as you move away!
The giant cockroach barely misses you.
The foxfire hits the jackal.
You kill the jackal!
The giant cockroach attacks as you move away!
The giant cockroach closely misses you.
The giant cockroach attacks as you move away!
The giant cockroach bites you.
* * * LOW HITPOINT WARNING * * *
The giant cockroach bites you but does no damage.
The jackal bites you.
You die...

#...##......##.#
....>.......+..#
#..#.#......#..#
...#.#####.....#
#.#####...#.#########
#.................... .
#.........#..#########.#
#.......###..#.#.#.#.#.#
#..†..h@# #...#.#.#.#..#
#.†...B.# #..#.#.#.#.#.#
#.####### #...#.#.#.#..#
#.# #..#.≈≈≈≈≈.# # #h#
#...#≈...≈#..# #B#
#..#§≈..<≈.# #h####
#...#≈...≈#..# #....#
#..#.≈≈≈≈≈.#.# #....+
.....#.#.#.#..


You could see a jackal and a giant cockroach.

Vanquished Creatures
  A dart slug (D:1)
  A ball python (D:1)
  A giant cockroach (D:1)
  A goblin (D:1)
  3 jackals (D:1)
  A quokka (D:1)
8 creatures vanquished.

Vanquished Creatures (others)
  54 foxfires (D:1)
54 creatures vanquished.

Grand Total: 62 creatures vanquished

Notes
Turn   | Place    | Note
-------+----------+-------------------------------------------
     0 | D:1      | Hubjo the Deep Elf Fire Elementalist began the quest for
                  | the Orb.
     0 | D:1      | Reached XP level 1. HP: 10/10 MP: 6/6
   287 | D:1      | Reached XP level 2. HP: 16/16 MP: 4/8
   383 | D:1      | Slain by a jackal

Illustrated notes

Levels and vault maps discovered:
D:1:      ncdulo_watergridlock, layout_basic

Action                   || total
-------------------------++-------
Melee: Unarmed           ||     1
 Cast: Foxfire           ||    34
Armor: Robe              ||     6
Dodge: Dodged            ||    14

Table legend: (Time is in decaauts)
 A = Elapsed time spent in this place.
 B = Non-inter-level travel time spent in this place.
 C = Inter-level travel time spent in this place.
 D = Time resting spent in this place.
 E = Time spent auto-exploring this place.
 F = Levels seen in this place.
 G = Mean time per level.
                   A        B        C        D        E       F      G
               +--------+--------+--------+--------+--------+-----+--------+
         Total |    383 |    383 |      0 |      0 |    321 |   1 |  383.0 |
       Dungeon |    383 |    383 |      0 |      0 |    321 |   1 |  383.0 |
               +--------+--------+--------+--------+--------+-----+--------+

Top non-repeatable levels by time:
     D:1: 383 daAuts
